Map: Babylon LE

Players

winzboy

  • Race: Protoss Protoss
  • League: Gold
  • Spawn Location: 11:00

你好呀 - Winner!

  • Race: Zerg Zerg
  • League: Gold
  • Spawn Location: 5:00

VOD

Have the link to the VOD?

Description

Time

  • Played on: May 29, 2023, 3:47 a.m.
  • Length: 10:05
Show
View Real Time Build Order
Export as new Build Order

winzboy Protoss 

Build Orders:  

Get SALT Encoding   

  12  0:01  Probe  
  13  0:14  Pylon  
  13  0:18  Probe  
  14  0:35  Gateway  
  14  0:37  Assimilator  
  14  0:48  Probe (Chrono Boost)  
  15  0:59  Probe (Chrono Boost)  
  15  1:03  Probe (Chrono Boost)  
  17  1:15  Probe  
  18  1:23  Cybernetics Core  
  18  1:27  Probe  
  19  1:45  Nexus  
  19  1:51  Warp Gate (Chrono Boost)  
  19  1:53  Pylon  
  19  1:55  Probe  
  20  2:03  Adept (Chrono Boost)  
  22  2:12  Assimilator  
  22  2:14  Probe  
  23  2:26  Probe  
  24  2:38  Probe  
  25  2:47  Robotics Facility  
  25  2:50  Probe  
  26  2:52  Gateway  
  26  3:02  Probe  
  26  3:05  Probe  
  28  3:08  Stalker  
  30  3:14  Probe  
  30  3:18  Probe  
  33  3:27  Probe (Chrono Boost)  
  33  3:31  Probe (Chrono Boost), Gateway  
  34  3:34  Pylon  
  35  3:43  Probe (Chrono Boost)  
  35  3:45  Probe (Chrono Boost)  
  36  3:51  Probe (Chrono Boost)  
  36  3:52  Probe (Chrono Boost)  
  38  3:55  Pylon  
  38  4:07  Probe  
  38  4:08  Probe  
  40  4:11  Stalker  
  42  4:25  Stalker  
  42  4:27  Probe x2  
  46  4:38  Assimilator  
  46  4:40  Assimilator  
  46  4:50  Pylon  
  46  4:53  Twilight Council  
  46  4:57  Pylon  
  46  4:58  Probe x2  
  48  5:01  Stalker  
  48  5:02  Stalker  
  52  5:10  Probe (Chrono Boost)  
  52  5:14  Adept  
  56  5:15  Probe (Chrono Boost)  
  56  5:20  Probe (Chrono Boost)  
  57  5:24  Probe (Chrono Boost)  
  58  5:47  Stalker x2  
  58  5:48  Stalker  
  64  5:59  Observer (Chrono Boost)  
  64  6:03  Charge (Chrono Boost)  
  65  6:23  Gateway  
  65  6:24  Gateway  
  58  6:27  Gateway x2  
  58  6:30  Gateway  
  58  6:31  Gateway  
  58  6:32  Gateway  
  57  6:34  Robotics Bay  
  53  6:40  Stalker  
  53  6:41  Stalker x2  
  41  7:13  Probe x2  
  43  7:23  Stalker x2  
  43  7:24  Stalker  
  43  7:25  Probe x2  
  51  7:36  Stalker x2  
  51  7:37  Stalker x2  
  57  7:38  Probe x2, Stalker  
  63  7:45  Stargate  
  63  7:46  Pylon  
  63  8:11  Probe (Chrono Boost)  
  63  8:12  Probe (Chrono Boost)  
  65  8:22  Probe x2 (Chrono Boost)  
  65  8:24  Stalker x2  
  65  8:25  Stalker  
  65  8:26  Phoenix  
  73  8:27  Probe x2 (Chrono Boost)  
  77  8:38  Probe (Chrono Boost)  
  79  8:43  Probe (Chrono Boost)  
  79  8:45  Phoenix  
  81  9:10  Phoenix  
  83  9:24  Nexus  
  43  9:35  Stalker  
  43  9:36  Stalker x3  
  43  9:37  Stalker x2  
  43  9:38  Stalker x2  
  55  9:49  Stalker  
  55  9:50  Stalker  
Show
View Real Time Build Order
Export as new Build Order

你好呀 Zerg - Winner!

Build Orders: Hatch First 

Get SALT Encoding   

  12  0:01  Drone  
  13  0:08  Drone  
  13  0:13  Extractor  
  13  0:16  Drone  
  15  0:22  Overlord  
  15  0:48  Hatchery  
  14  0:56  Drone  
  15  0:59  Extractor  
  14  1:09  Spawning Pool  
  13  1:11  Drone  
  13  1:15  Drone  
  15  1:20  Drone  
  16  1:30  Drone  
  17  1:35  Overlord  
  17  1:44  Drone  
  18  1:58  Extractor  
  18  2:00  Drone  
  18  2:05  Drone  
  19  2:08  Queen x2  
  19  2:09  Drone  
  24  2:15  Drone  
  24  2:20  Zergling x2  
  26  2:23  Zergling x2  
  26  2:27  Drone  
  28  2:35  Drone  
  29  2:38  Drone  
  29  2:43  Drone  
  31  2:49  Zergling x2  
  32  2:51  Lair  
  32  2:55  Overlord  
  32  3:00  Zergling x2  
  33  3:07  Metabolic Boost  
  33  3:08  Drone  
  33  3:10  Drone  
  35  3:16  Drone  
  36  3:20  Drone x3  
  36  3:21  Extractor  
  36  3:25  Drone x2  
  40  3:29  Drone  
  40  3:30  Drone  
  40  3:33  Drone  
  43  3:35  Drone  
  44  3:41  Overlord  
  44  3:44  Overlord  
  44  3:55  Spire  
  44  3:57  Drone  
  44  4:09  Extractor, Overlord, Zergling x4  
  45  4:10  Drone x2  
  45  4:11  Drone  
  49  4:24  Zergling x2, Baneling Nest  
  49  4:25  Drone  
  49  4:26  Overlord  
  49  4:30  Drone  
  49  4:31  Drone x2  
  52  4:37  Zergling x4  
  54  4:41  Queen  
  56  4:48  Overlord  
  56  5:08  Mutalisk x5  
  56  5:09  Mutalisk  
  56  5:10  Mutalisk  
  70  5:15  Mutalisk  
  72  5:24  Baneling x3  
  72  5:27  Overlord  
  72  5:28  Zergling x6  
  75  5:36  Mutalisk  
  75  5:41  Mutalisk  
  79  5:59  Zergling x4  
  79  6:01  Drone x3  
  84  6:12  Baneling x3  
  84  6:17  Hatchery  
  83  6:33  Zergling x2  
  83  6:34  Zergling x6, Mutalisk x3  
  87  6:48  Zergling x2  
  87  6:49  Zergling x8  
  78  7:04  Zergling x10  
  79  7:16  Overlord x2  
  79  7:27  Baneling x3  
  79  7:28  Baneling x3  
  79  7:29  Baneling  
  79  7:30  Baneling x3  
  79  7:34  Mutalisk  
  79  7:35  Mutalisk x2  
  85  7:45  Zergling x2  
  85  7:47  Zergling x6  
  89  7:54  Mutalisk x4  
  89  7:56  Drone  
  89  7:57  Drone x2  
  100  8:10  Mutalisk x2  
  104  8:14  Queen  
  106  8:21  Overseer  
  106  8:22  Mutalisk  
  106  8:25  Overlord x2  
  108  8:43  Zergling x10  
  108  8:44  Zergling x14  
  108  8:45  Zergling x6  
  123  8:49  Baneling x6  
  123  8:50  Baneling  
  123  8:54  Overseer  
  123  9:00  Drone x3  
  126  9:05  Extractor  
  126  9:09  Extractor  
  125  9:10  Drone x6  
  123  9:21  Zergling x10  
  106  9:35  Zergling x6  
  106  9:36  Zergling x6  
Tags
 
League
GoldGold
Matchup
PvZ
Replay Pack
Multiplayer
Spawn Locations
Cross Positions
Add a new tag
Caveats
  • Supply blocks, unpowered buildings, or Contaminate may cause inaccurate times.
  • Supply counts are checked every 10 seconds.